 Dungeon Crawl Stone Soup version 0.29-a0-22-gbf593b16ee (webtiles) character file.

Game seed: 5367255473781665625

112 Crownlay the Changer (level 4, 0/29 HPs)
             Began as an Octopode Transmuter on Jan 29, 2022.
             Killed by divine providence
             ... invoked by an orc priest
              (15 damage)
             ... on level 3 of the Dungeon.
             The game lasted 00:02:41 (3029 turns).

Crownlay the Changer (Octopode Transmuter)          Turns: 3029, Time: 00:02:41

Health: 0/29       AC:  1    Str:  9    XL:     4   Next: 95%
Magic:  6/7        EV: 13    Int: 15    God:
Gold:   96         SH:  0    Dex: 14    Spells: 2/8 levels left

rFire   . . .      SeeInvis .   a - +2 dagger (speed)
rCold   . . .      Faith    .   (no shield)
rNeg    . . .      Spirit   .   (helmet currently unavailable)
rPois   .          Reflect  .   (no amulet)
rElec   .          Harm     .   (no ring)
rCorr   .          Rampage  .   (no ring)
Will    .....                   (no ring)
Stlth   ++........              (no ring)
HPRegen 0.09/turn               (no ring)
MPRegen 0.10/turn               (no ring)
                                (no ring)
                                (no ring)

@: appendages
A: tentacle spike 3, almost no armour, amphibious, 8 rings, camouflage 1,
gelatinous body 1, (nimble swimmer 1), tentacles
a: End Transformation


You were on level 3 of the Dungeon.
One of your tentacles had grown a beastly spike.
You visited 1 branch of the dungeon, and saw 3 of its levels.

You collected 96 gold pieces.

Inventory:

Hand Weapons
 a - a +2 dagger of speed (weapon)
Jewellery
 g - a +6 ring of dexterity
Scrolls
 b - 2 scrolls of identify {unknown}
 c - a scroll of noise {unknown}
 e - a scroll of brand weapon {unknown}
 h - a scroll of holy word {unknown}
Potions
 d - a potion of haste {unknown}
 f - a potion of flight {unknown}


   Skills:
 + Level 2.1 Fighting
 - Level 2.0 Dodging
 + Level 3.4 Unarmed Combat
 * Level 2.6 Spellcasting
 * Level 3.6 Transmutations


You had 2 spell levels left.
You knew the following spells:

 Your Spells              Type           Power      Damage    Failure   Level
a - Beastly Appendage     Tmut           24%        N/A       4%          1
b - Wereblood             Tmut           12%        N/A       7%          2
c - Spider Form           Tmut/Pois      7%         N/A       30%         3

Your spell library contained the following spells:

 Spells                   Type           Power      Damage    Failure   Level
 Ice Form                 Ice/Tmut       7%         N/A       69%         4


Dungeon Overview and Level Annotations

Branches:
Dungeon (3/15)

Altars:

Annotations:
D:2 Sigmund


Innate Abilities, Weirdness & Mutations

One of your tentacles has grown a beastly spike.
You cannot wear most types of armour.
You are amphibious.
You can wear up to eight rings at the same time.
Your skin changes colour to match your surroundings (Stealth+).
Your rubbery body absorbs attacks. (AC +1, EV +1)
((You are camouflaged when in or above water. (Stealth+)))
You have tentacles for arms and can constrict up to eight enemies at once.


Message History

You see here a +0 scale mail.
There is a stone staircase leading down here.
You climb downwards.
There is a stone staircase leading up here.
There are monsters nearby!
One of your tentacles grows a vicious spike.
The orc priest shouts!
The orc shouts!
You hear a shout!
The orc priest looks braver for a moment.
You barely miss the rat. You grab the rat. You constrict the rat.
You hit the rat.
You kill the rat!
The orc hits you with a +0 dagger.
You see here a rat corpse.
You barely miss the orc. Your grab misses the orc.
Your tentacle spike misses the orc.
Your squeeze misses the orc. The orc closely misses you.
You hit the orc. Your grab misses the orc.
You pierce the orc.
The orc is heavily wounded.
You hit the orc but do no damage. You grab the orc.
You pierce the orc.
The orc is heavily wounded.
You constrict the orc, but do no damage.
The orc hits you with a +0 dagger.
The orc priest invokes the aid of Beogh against you.
Beogh smites you!
You hit the orc.
The orc is almost dead.
You constrict the orc, but do no damage.
The orc closely misses you.
You hit the orc but do no damage.
You pierce the orc, but do no damage.
The orc is almost dead.
You constrict the orc.
You kill the orc!
The orc priest barely misses you.
Things that are here:
a +0 dagger; a +0 leather armour You barely miss the orc priest.
Your grab misses the orc priest.
The orc priest calls down the wrath of Beogh upon you.
Beogh smites you!
Ouch! That really hurt!
You die...

#### #.. #o#
#@# ## #†#
..
####.#.#####
+...<.......
####.######.
..# ####


You could see an orc priest.

Vanquished Creatures
  Crazy Yiuf (D:2)
  A gnoll (D:1)
  3 adders (D:2)
  An orc (D:3)
  10 ball pythons
  4 bats
  3 giant cockroaches (D:1)
  4 hobgoblins
  3 quokkas (D:1)
  3 frilled lizards (D:2)
  7 goblins
  5 kobolds
  2 rats
47 creatures vanquished.

Notes
Turn   | Place    | Note
-------+----------+-------------------------------------------
     0 | D:1      | Crownlay the Octopode Transmuter began the quest for the
                  | Orb.
     0 | D:1      | Reached XP level 1. HP: 13/13 MP: 3/3
   207 | D:1      | Reached XP level 2. HP: 18/18 MP: 5/5
   450 | D:1      | Reached XP level 3. HP: 23/23 MP: 4/6
   711 | D:1      | Learned a level 2 spell: Wereblood
   715 | D:1      | Learned a level 3 spell: Spider Form
  1672 | D:2      | Reached XP level 4. HP: 24/29 MP: 5/7
  2214 | D:2      | Found a runed translucent door.
  2215 | D:2      | Noticed Crazy Yiuf
  2336 | D:2      | Noticed Sigmund
  2689 | D:2      | Killed Crazy Yiuf
  3029 | D:3      | Killed from afar by an orc priest

Illustrated notes

Levels and vault maps discovered:
D:1:      evilmike_arrival_fibonacci_small, layout_basic,
          chequers_serial_rivers_micro_a
D:2:      layout_loops_ring, uniq_crazy_yiuf_cottage, uniq_sigmund
D:3:      minmay_diamond_boxcup, layout_basic, grunt_qazlal_clouds, tgw_sif,
          shapermc_ecumenical_altar_rom_forum, kennysheep_cross_room,
          uniq_natasha

Skill      XL: |  1  2  3 |
---------------+----------+-----
Transmutations | 3 |  3.6
Fighting       | 2 |  2.1
Dodging        | |  2.0
Unarmed Combat | |  3.4
Spellcasting   | |  2.6

Action                   |  1- 3 |  4- 6 || total
-------------------------+-------+-------++-------
Melee: Constrict         |    23 |     7 ||    30
       Unarmed           |     6 |     1 ||     7
       Dagger            |    65 |    30 ||    95
       Tentacles         |    12 |     4 ||    16
       Kick              |    13 |     9 ||    22
       Punch             |     2 |       ||     2
 Cast: Beastly Appendage |    11 |     7 ||    18
       Spider Form       |       |     1 ||     1
 Stab: Sleeping          |     3 |     1 ||     4
Armor: Skin              |     7 |       ||     7
Dodge: Dodged            |    44 |    15 ||    59

Table legend: (Time is in decaauts)
 A = Elapsed time spent in this place.
 B = Non-inter-level travel time spent in this place.
 C = Inter-level travel time spent in this place.
 D = Time resting spent in this place.
 E = Time spent auto-exploring this place.
 F = Levels seen in this place.
 G = Mean time per level.
                   A        B        C        D        E       F      G
               +--------+--------+--------+--------+--------+-----+--------+
         Total |   2996 |   2908 |     88 |      0 |   2632 |   3 |  998.7 |
       Dungeon |   2996 |   2908 |     88 |      0 |   2632 |   3 |  998.7 |
               +--------+--------+--------+--------+--------+-----+--------+

Top non-repeatable levels by time:
     D:1: 1499 daAuts
     D:2: 1487 daAuts
     D:3: 9 daAuts
